 Dungeon Crawl Stone Soup version 0.17.0-24-gcfadda4 (webtiles) character file.

8071 Medar the Basher (level 11, -13/84 HPs)
             Began as a Gargoyle Summoner on Nov 17, 2015.
             Was a Follower of Makhleb.
             Mangled by Maud
             ... wielding a +1 broad axe of freezing
              (17 damage)
             ... on level 10 of the Dungeon.
             The game lasted 00:27:35 (11185 turns).

Medar the Basher (Gargoyle Summoner)               Turns: 11185, Time: 00:27:35

Health: -13/84     AC: 25    Str: 18    XL:     11   Next: 25%
Magic:  14/14      EV:  2    Int: 15    God:    Makhleb [*.....]
Gold:   364        SH:  0    Dex: 12    Spells: 2 memorised, 9 levels left

rFire  . . .     SeeInvis .     a - +1 dire flail (crush)
rCold  . . .     Clarity  .     (armour currently unavailable)
rNeg   + + +     SustAt   +     (shield currently unavailable)
rPois  ∞         Gourm    .     (helmet currently unavailable)
rElec  .         Spirit   .     (cloak currently unavailable)
rCorr  .         Warding  .     (gloves currently unavailable)
rMut   .         NoTele   +     (boots currently unavailable)
MR     .....                    (no amulet)
Stlth  +++.......               (no ring)
                                S - ring of sustain attributes

@: exhausted, tree-form, slowed, very slow, not resistant to hostile
enchantments, fairly stealthy
A: (molten scales 0), thin skeletal structure 1, blink, frail 1, negative energy
resistance 1, regeneration 1, (electricity resistance), strong 1, teleportitis
1, (unbreathing), petrification resistance, rot immunity, AC +7
a: Blink, Renounce Religion


You were on level 10 of the Dungeon.
You worshipped Makhleb.
Makhleb was aware of your devotion.
You were near starving.
You were a tree.
You visited 2 branches of the dungeon, and saw 12 of its levels.
You also visited: Ossuary.

You collected 540 gold pieces.
You spent 176 gold pieces at shops.

Inventory:

Hand Weapons
 a - a +1 dire flail of crushing (weapon)
 x - a +0 blowgun
 Z - a +0 morningstar
Missiles
 b - a throwing net {=f =F}
 e - 6 tomahawks (quivered)
 q - 7 tomahawks of dispersal
 y - 34 poisoned needles
 D - 2 silver tomahawks
 Q - 8 curare-tipped needles
Armour
 i - a +2 cloak of magic resistance (melded)
 j - a +0 helmet (melded)
 p - a +0 pair of boots (melded)
 w - a +2 ring mail of cold resistance (melded)
 P - a cursed -2 buckler
Jewellery
 S - a ring of sustain attributes (left branch)
 T - an uncursed ring of teleportation
 U - an uncursed ring of fire
Wands
 h - a wand of cold (8)
 N - a wand of disintegration (19)
 O - a wand of fire (4)
Scrolls
 r - 2 scrolls of remove curse {@r1}
 A - a scroll of enchant weapon
 C - 3 scrolls of recharging
 F - 3 scrolls of enchant armour
 H - a scroll of immolation
 R - a scroll of magic mapping {@r3}
 V - 2 scrolls of identify {@r2}
Potions
 d - a potion of flight
 l - 5 potions of curing {@q1}
 n - a potion of might
 s - 2 potions of magic
 v - 4 potions of brilliance
 B - 2 potions of lignification
 E - 2 potions of berserk rage {!q}
 I - a potion of ambrosia
 J - 4 potions of haste
 M - a potion of agility
 W - a potion of resistance
Comestibles
 c - 12 bread rations {@e1}
 f - 5 meat rations {@e2}
 g - 6 beef jerkies
 m - 8 chunks of flesh
 G - a slice of pizza
 L - 17 royal jellies


   Skills:
 - Level 5.1 Fighting
 - Level 14.0 Maces & Flails
 - Level 5.1 Armour
 + Level 4.9 Dodging
 - Level 2.1 Stealth
 - Level 2.0 Spellcasting
 - Level 3.6 Summonings


You had 9 spell levels left.
You knew the following spells:

 Your Spells              Type           Power        Failure   Level  Hunger
d - Call Imp              Summ           ##......     10%         2    ###....
f - Call Canine Familiar  Summ           ##......     17%         3    ###....


Dungeon Overview and Level Annotations

Branches:
Dungeon (11/15)            Temple (1/1) D:6
   Lair: D:8-11         Orc: D:9-12

Altars:
Ashenzari
Cheibriados
Dithmenos
Elyvilon
Fedhas
Gozag
Kikubaaqudgha
Makhleb
Nemelex Xobeh
Okawaru
Qazlal
Ru
Sif Muna
Trog
Vehumet
Xom
Yredelemnul
Zin
The Shining One

Shops:
D:6 !   D:10 *

Annotations:
D:6 stuff behind fire
D:8 Joseph; NekoKawashu's ghost, novice MiMo
D:10 Maud


Innate Abilities, Weirdness & Mutations

You are resistant to torment.
((Your stone body is resilient (AC +7).))
You are immune to poison.
You resist negative energy.
((You are resistant to electric shocks.))
((You can survive without breathing.))
You are immune to petrification.
You are immune to rotting.
((You are partially covered in molten scales (AC +1).))
You have a somewhat thin skeletal structure (Dex +2, Stealth).
You can translocate small distances at will.
You are frail (-10% HP).
Your natural rate of healing is unusually fast.
Your muscles are strong. (Str +2)
You are occasionally teleported to nearby monsters.


Message History

As you read the scroll labeled NEIMIJ GAGUSEA, it crumbles to dust.
Your +1 dire flail of crushing glows pulsating grey for a moment.
It was a scroll of random uselessness.
Maud hits you but does no damage.
Read which item? (? for menu, Esc to quit)
As you read the scroll labeled OJA MIDILUTWA, it crumbles to dust.
You feel a strange sense of stasis.
It was a scroll of teleportation.
Maud hits you with a broad axe of freezing.
* * * LOW HITPOINT WARNING * * *
Maud freezes you.
* * * LOW HITPOINT WARNING * * *
Read which item? (? for menu, Esc to quit)
As you read the scroll labeled QEHUCUA BAYMA, it crumbles to dust.
Forget which spell ([?*] list [ESC] exit)?
Your memory of Summon Small Mammal unravels.
It was a scroll of amnesia.
Maud barely misses you.
Read which item? (? for menu, Esc to quit)
As you read the scroll labeled XIOGUA MEIJEF, it crumbles to dust.
The scroll dissolves into smoke.
It was a scroll of fog.
Maud hits you with a broad axe of freezing!
You die...

##..### #...## #..##
###..# #.## ########(###
##'####### #..........#
.........####.....(.>..#
.........'.##......>...#
.........#.)#)....§....#
.........##.)[§§§§§....#
.........####..§♣@§....#
####'##### #(.§§§.....#
#.# ##§######### #.# #.#
#.# #.# ####'### #.#
#......# #.### '......#
#...# #......# ###.#


You could see Maud.

Vanquished Creatures
  A hydra (D:11)
  Sonja (D:10)
  A hill giant (D:11)
  An ugly thing (D:11)
  Psyche (D:8)
  A gargoyle (D:10)
  A queen bee (D:10)
  A hungry ghost (D:11)
  A hippogriff (D:11)
  A steam dragon (D:9)
  A water moccasin (D:10)
  3 sky beasts
  3 orc warriors
  2 black bears
  3 ice beasts
  A necrophage (D:8)
  4 centaurs
  4 ogres
  2 elf zombies (Ossuary)
  A big kobold (D:8)
  3 giant frogs
  A water moccasin zombie (D:5)
  A scorpion (D:7)
  25 killer bees
  3 crimson imps
  4 hounds
  A giant frog zombie (D:10)
  A centaur zombie (D:9)
  3 giant frog skeletons
  Crazy Yiuf (D:4)
  Ijyb (D:3)
  A jelly (D:5)
  2 iguanas
  5 orc wizards
  2 orc priests
  7 worker ants
  2 big kobold zombies (Ossuary)
  2 mummies (Ossuary)
  2 worker ant zombies
  Robin (D:2)
  8 adders
  Natasha (D:4)
  A shadow imp (D:6)
  An ooze (D:2)
  2 adder skeletons
  2 adder zombies
  2 worms (D:5)
  17 orcs
  A ball python (D:1)
  11 hobgoblins
  11 jackals
  17 kobolds
  5 quokkas
  4 bats
  3 giant cockroaches
  7 giant geckos
  6 giant newts
  14 goblins
  2 goblin zombies (Ossuary)
  9 hobgoblin zombies (Ossuary)
  2 jackal zombies (Ossuary)
  8 kobold zombies (Ossuary)
  10 orc zombies (Ossuary)
  5 rats
  2 rat zombies (Ossuary)
253 creatures vanquished.

Vanquished Creatures (collateral kills)
  Sigmund (D:4)
  A giant frog (D:3)
  A killer bee (D:10)
  Natasha (D:4)
  An iguana (D:4)
  A hound skeleton (D:4)
  2 adders
  A worm (D:2)
  An orc (D:3)
  6 goblins
  4 hobgoblins
  2 jackals (D:1)
  2 kobolds (D:1)
24 creatures vanquished.

Vanquished Creatures (others)
  4 plants (D:8)
4 creatures vanquished.

Grand Total: 281 creatures vanquished

Notes
Turn   | Place    | Note
--------------------------------------------------------------
     0 | D:1      | Medar the Gargoyle Summoner began the quest for the Orb.
     0 | D:1      | Reached XP level 1. HP: 10/10 MP: 3/3
   276 | D:1      | Reached skill level 1 in Fighting
   373 | D:1      | Reached XP level 2. HP: 14/16 MP: 5/5
   483 | D:1      | Reached skill level 1 in Maces & Flails
   866 | D:1      | Reached XP level 3. HP: 20/20 MP: 6/6
  1460 | D:2      | Learned a level 2 spell: Call Imp
  1461 | D:2      | Noticed Robin
  1464 | D:2      | Learned a level 3 spell: Call Canine Familiar
  1470 | D:2      | Killed Robin
  1541 | D:2      | Reached XP level 4. HP: 10/25 MP: 1/7
  2153 | D:3      | Noticed Ijyb
  2208 | D:3      | Killed Ijyb
  2247 | D:3      | Found an opulent altar of Gozag.
  2249 | D:3      | Found an ancient bone altar of Kikubaaqudgha.
  2299 | D:3      | Reached skill level 4 in Maces & Flails
  2316 | D:3      | Reached XP level 5. HP: 26/29 MP: 8/8
  2678 | D:3      | Noticed a giant frog
  2690 | D:3      | Killed a giant frog
  2690 | D:3      | Reached skill level 5 in Maces & Flails
  2845 | D:4      | Reached XP level 6. HP: 34/34 MP: 9/9
  2903 | D:4      | Noticed Natasha
  2915 | D:4      | Killed Natasha
  3097 | D:4      | Noticed Sigmund
  3429 | D:4      | Noticed an ice beast
  3447 | D:4      | Killed an ice beast
  3447 | D:4      | Reached skill level 6 in Maces & Flails
  3467 | D:4      | Reached XP level 7. HP: 29/38 MP: 10/10
  3624 | D:4      | Found a glowing golden altar of the Shining One.
  3697 | D:4      | Reached skill level 7 in Maces & Flails
  3775 | D:4      | Found a white marble altar of Elyvilon.
  3847 | D:4      | Noticed Crazy Yiuf
  3859 | D:4      | Killed Crazy Yiuf
  4020 | D:4      | Noticed Natasha
  4026 | D:4      | Killed Natasha
  4106 | D:4      | Killed Sigmund
  4128 | D:4      | Found a sacrificial altar of Ru.
  4284 | D:5      | Entered Level 5 of the Dungeon
  4335 | D:5      | Reached skill level 8 in Maces & Flails
  4415 | D:5      | Found a deep blue altar of Sif Muna.
  4425 | D:5      | Found a snail-covered altar of Cheibriados.
  4428 | D:5      | Found a radiant altar of Vehumet.
  4431 | D:5      | Found a glowing silver altar of Zin.
  4486 | D:5      | Reached XP level 8. HP: 33/43 MP: 11/11
  5059 | D:6      | Found a staircase to the Ecumenical Temple.
  5065 | Temple   | Entered the Ecumenical Temple
  5236 | D:6      | Gained mutation: You are occasionally teleported to nearby monsters. [mutagenic meat]
  5285 | D:6      | Found a shadowy altar of Dithmenos.
  5294 | D:6      | Found a sand-covered staircase.
  5309 | Ossuary  | Entered an ossuary
  5488 | Ossuary  | Reached skill level 5 in Fighting
  5661 | Ossuary  | Gained mutation: You have a somewhat thin skeletal structure (Dex +2, Stealth). [potion of mutation]
  5661 | Ossuary  | Gained mutation: You are partially covered in molten scales (AC +1). [potion of mutation]
  5661 | Ossuary  | Gained mutation: Your muscles are strong. (Str +2) [potion of mutation]
  5716 | D:6      | Found a shattered altar of Ashenzari.
  5870 | D:5      | Reached skill level 9 in Maces & Flails
  6029 | D:6      | Found Zun Ump's Distillery.
  6032 | D:6      | Bought a potion of lignification for 33 gold pieces
  6032 | D:6      | Bought a potion of berserk rage for 55 gold pieces
  6045 | D:6      | Bought a potion of ambrosia for 88 gold pieces
  6185 | D:6      | Reached XP level 9. HP: 47/54 MP: 12/12
  6900 | D:7      | Reached skill level 10 in Maces & Flails
  7405 | D:8      | Noticed NekoKawashu's ghost (novice MiMo)
  7527 | D:8      | Noticed Psyche
  7533 | D:8      | Killed Psyche
  7533 | D:8      | Reached skill level 11 in Maces & Flails
  7665 | D:8      | Noticed a komodo dragon
  7677 | D:8      | Noticed Joseph
  7934 | D:9      | Found a burning altar of Makhleb.
  8165 | D:9      | Found a bloodstained altar of Trog.
  8537 | D:10     | Entered Level 10 of the Dungeon
  8558 | D:10     | Noticed Sonja
  8589 | D:10     | Killed Sonja
  8589 | D:10     | Reached skill level 12 in Maces & Flails
  8589 | D:10     | Reached XP level 10. HP: 57/59 MP: 13/13
  8657 | D:10     | Found Gozag's Platinum Reserve.
  8657 | D:10     | Found an opulent altar of Gozag.
  9079 | D:10     | Reached skill level 13 in Maces & Flails
  9195 | D:9      | Became a worshipper of Makhleb the Destroyer
  9892 | D:10     | Reached * piety under Makhleb
 10041 | D:10     | Reached skill level 14 in Maces & Flails
 10537 | D:11     | Noticed a hill giant
 10715 | D:11     | Reached skill level 5 in Armour
 10717 | D:11     | Noticed a four-headed hydra
 10736 | D:11     | Killed a four-headed hydra
 10736 | D:11     | Reached XP level 11. HP: 40/63 MP: 14/14
 10825 | D:11     | Killed a hill giant
 10927 | D:11     | Gained mutation: You are resistant to hostile enchantments. [mutagenic meat]
 10928 | D:11     | Lost mutation: You are resistant to hostile enchantments. [mutagenic meat]
 10929 | D:11     | Gained mutation: Your natural rate of healing is unusually fast. [mutagenic meat]
 10930 | D:11     | Gained mutation: You are frail (-10% HP). [mutagenic meat]
 10931 | D:11     | Gained mutation: You can translocate small distances at will. [mutagenic meat]
 10937 | D:11     | Noticed a cyan ugly thing
 10947 | D:11     | Killed a cyan ugly thing
 11053 | D:11     | Noticed Maud
 11078 | D:11     | Noticed a manticore
 11183 | D:10     | HP: 4/84 [Maud/broad axe of freezing (5)]
 11185 | D:10     | Mangled by Maud

Action                   |  1- 3 |  4- 6 |  7- 9 | 10-12 || total
-------------------------+-------+-------+-------+-------++-------
Melee: Unarmed           |    34 |       |       |       ||    34
       Club              |     1 |       |       |       ||     1
       Whip              |   133 |   134 |       |       ||   267
       Mace              |       |   174 |   460 |       ||   634
       Dire flail        |       |       |   183 |   392 ||   575
 Fire: Blowgun           |       |       |     6 |       ||     6
 Cast: Summon Small Mamm |    12 |     1 |       |     2 ||    15
       Call Imp          |     2 |     7 |     5 |     3 ||    17
       Call Canine Famil |     1 |     1 |     5 |     3 ||    10
Evoke: Wand              |       |       |     4 |       ||     4
  Use: Scroll            |       |     1 |    16 |     8 ||    25
       Potion            |       |       |     1 |     5 ||     6
 Stab: Distracted        |     2 |     1 |     1 |       ||     4
       Sleeping          |     1 |     1 |     3 |     1 ||     6
       Fleeing           |       |       |     1 |       ||     1
  Eat: Chunk             |     3 |     7 |    18 |    11 ||    39
       Beef jerky        |       |       |     1 |     3 ||     4
       Royal jelly       |       |       |       |     1 ||     1
